 Dungeon Crawl Stone Soup version 0.30-a0-359-gd0147acb1a (webtiles) character file.

Game seed: 7027602789836195739

676 oldmanjim the Stinger (level 7, 0/50 HPs)
             Began as a Merfolk Venom Mage on Nov 12, 2022.
             Slain by a jelly (1 damage)
             ... on level 6 of the Dungeon.
             The game lasted 00:35:52 (5242 turns).

oldmanjim the Stinger (Merfolk Venom Mage)          Turns: 5242, Time: 00:35:54

Health: 0/50       AC: -2    Str:  9    XL:     7   Next: 59%
Magic:  13/13      EV: 14    Int: 16    God:
Gold:   246        SH:  0    Dex: 14    Spells: 4/14 levels left

rFire   . . .      SeeInvis .    b - +1 spear (flame)
rCold   . . .      Faith    .    (no shield)
rNeg    + . .      Spirit   .    n - +0 robe
rPois   .          Reflect  .    h - +1 helmet
rElec   .          Harm     .    (no cloak)
rCorr   .          Rampage  .    f - +1 pair of gloves
Will    .....                    (no boots)
Stlth   ++........               (no amulet)
HPRegen 0.28/turn                g - ring of wizardry
MPRegen 0.13/turn                q - ring of positive energy

@: corroded, flying, hasted, very quick
A: (nimble swimmer 2), mertail
a: no special abilities


You were on level 6 of the Dungeon.
You visited 1 branch of the dungeon, and saw 6 of its levels.

You collected 246 gold pieces.

Inventory:

Hand Weapons
 a - a +0 sling
 b - a +1 spear of flaming (weapon)
 s - a +0 dagger
 J - a +0 double sword
 K - a +2 vampiric dagger
Missiles
 l - 52 stones
 x - 4 poisoned darts
 D - 6 boomerangs
 I - 3 atropa-tipped darts
 L - 2 silver boomerangs
Armour
 f - a +1 pair of gloves (worn)
 h - a +1 helmet (worn)
 n - a +0 robe (worn)
 p - a scarf of resistance
 z - a +0 cloak
Jewellery
 g - a ring of wizardry (left hand)
 q - a ring of positive energy (right hand)
 B - a ring of protection from cold
Wands
 H - a wand of iceblast (5)
Scrolls
 c - a scroll of summoning {unknown}
 e - 2 scrolls of amnesia {unknown}
 i - a scroll of fog {unknown}
 j - 2 scrolls of magic mapping {unknown}
 o - 3 scrolls of teleportation {unknown}
 u - 3 scrolls of torment {unknown}
 v - 2 scrolls of poison {unknown}
 A - 5 scrolls of identify {unknown}
 F - a scroll of vulnerability {unknown}
Potions
 d - a potion of degeneration {unknown}
 k - a potion of berserk rage {unknown}
 m - 2 potions of flight
 r - a potion of haste
 t - 2 potions of mutation {unknown}
 w - a potion of cancellation {unknown}
 y - a potion of magic
 C - a potion of heal wounds {unknown}
 E - 2 potions of curing {unknown}
 G - a potion of attraction {unknown}


   Skills:
 - Level 2.0 Fighting
 + Level 2.5 Polearms
 - Level 5.0 Dodging
 - Level 2.1 Stealth
 + Level 4.4 Spellcasting
 - Level 3.0 Transmutations
 - Level 6.0 Poison Magic


You had 4 spell levels left.
You knew the following spells:

 Your Spells              Type           Power      Damage    Failure   Level
a - Sting                 Tmut/Pois      68%        1d6       1%          1
b - Poisonous Vapours     Pois/Air       26%        N/A       2%          2
c - Mephitic Cloud        Conj/Pois/Air  9%         N/A       9%          3
d - Olgreb's Toxic Radia  Pois           22%        N/A       6%          4

Your spell library contained the following spells:

 Spells                   Type           Power      Damage    Failure   Level
 Necrotise                Necr           12%        1d4       6%          1
 Gell's Gravitas          Tloc           3%         N/A       19%         3
 Teleport Other           Tloc           3%         N/A       19%         3
 Vampiric Draining        Necr           3%         2d6       19%         3
 Agony                    Necr           3%         N/A       85%         5
 Dispersal                Tloc           1%         N/A       100%        6


Dungeon Overview and Level Annotations

Branches:
Dungeon (6/15)
 Temple: D:4-7

Altars:
Ashenzari
Kikubaaqudgha
Makhleb
Trog
Wu Jian
Yredelemnul

Shops:
D:4 (

Annotations:
D:5 Grinder


Innate Abilities, Weirdness & Mutations

((You are very nimble when in or above water. (Stealth+, EV+, Speed+++)))
Your lower body shifts to a powerful aquatic tail in water.


Message History

The white imp gestures at you. The puff of frost hits you!
You closely miss the white imp.
The white imp is moderately wounded.
The white imp misses you.
You hit the white imp but do no damage.
The white imp is moderately wounded.
The white imp gestures at you. The puff of frost hits you.
You hit the white imp. You burn the white imp.
The white imp is almost dead.
The white imp gestures at you. The puff of frost misses you.
You hit the white imp but do no damage.
The white imp is almost dead.
The white imp hits you but does no damage.
You hit the white imp. You burn the white imp.
You kill the white imp!
You hit the jelly. You burn the jelly.
Your hands burn!
* * * LOW HITPOINT WARNING * * *
The jelly is moderately wounded.
The jelly hits you but does no damage.
You hit the jelly. You burn the jelly. The acid corrodes you!
Your hands burn!
* * * LOW HITPOINT WARNING * * *
The jelly is severely wounded.
The jelly misses you.
You hit the jelly. You burn the jelly.
Your hands burn!
* * * LOW HITPOINT WARNING * * *
The jelly is almost dead.
The jelly hits you.
* * * LOW HITPOINT WARNING * * *
The acid corrodes you!
You are splashed with acid!
* * * LOW HITPOINT WARNING * * *
It was a potion of flight.
You feel very buoyant.
You fly up into the air.
An adder comes into view.
The jelly completely misses you.
It was a potion of haste.
You feel yourself speed up. The jelly hits you.
You die...

#.####........
#..#.##..######
#..#.##..# #..#..#.##
...#....#######
######..)....... #.###
#####...).......
#S....####......#........
#....J@..####.######...
#....##### #........_.
....... ########...
...#... #.## J. #>## #[#
. #. ######.# # #......#
#####......# #..........#


You could see a jelly and an adder (wandering).

Vanquished Creatures
  An ogre (D:6)
  A gnoll sergeant (D:6)
  3 scorpions
  A wight (D:6)
  2 hounds (D:5)
  2 orc priests (D:4)
  Ijyb (D:5)
  3 gnolls (D:6)
  3 adders
  2 white imps
  An ufetubus (D:5)
  A worm (D:2)
  2 dart slugs
  3 orcs
  7 bats
  5 endoplasms
  11 giant cockroaches
  7 hobgoblins
  4 jackals (D:1)
  3 kobolds (D:2)
  A quokka (D:1)
  6 ball pythons
  2 frilled lizards
  3 goblins
  5 rats
80 creatures vanquished.

Vanquished Creatures (others)
  A plant (D:2)
1 creature vanquished.

Grand Total: 81 creatures vanquished

Notes
Turn   | Place    | Note
-------+----------+-------------------------------------------
     0 | D:1      | oldmanjim the Merfolk Venom Mage began the quest for the
                  | Orb.
     0 | D:1      | Reached XP level 1. HP: 13/13 MP: 3/3
   189 | D:1      | Reached XP level 2. HP: 19/19 MP: 0/5
   297 | D:1      | Learned a level 2 spell: Poisonous Vapours
   790 | D:1      | Reached XP level 3. HP: 24/24 MP: 1/6
   794 | D:1      | Learned a level 3 spell: Mephitic Cloud
  1380 | D:2      | Reached skill level 4 in Poison Magic
  1665 | D:2      | Reached XP level 4. HP: 30/30 MP: 5/8
  2696 | D:3      | Found a broken altar of Ashenzari.
  2841 | D:3      | Found an ancient bone altar of Kikubaaqudgha.
  2927 | D:3      | Found a bloodstained altar of Trog.
  2955 | D:3      | Found an ornate altar of the Wu Jian Council.
  3094 | D:4      | Found a basalt altar of Yredelemnul.
  3571 | D:4      | Reached XP level 5. HP: 35/35 MP: 2/9
  3894 | D:4      | Found Cebera's Antique Weapon Shop.
  3938 | D:4      | Learned a level 4 spell: Olgreb's Toxic Radiance
  3939 | D:5      | Entered Level 5 of the Dungeon
  3968 | D:5      | Noticed Ijyb
  3988 | D:5      | Killed Ijyb
  3989 | D:5      | Reached skill level 5 in Poison Magic
  4101 | D:5      | Reached skill level 1 in Fighting
  4101 | D:5      | Reached XP level 6. HP: 38/43 MP: 3/11
  4312 | D:5      | Noticed Grinder
  4541 | D:5      | Paralysed by Grinder for 3 turns
  4683 | D:6      | Found a burning altar of Makhleb.
  4861 | D:6      | Reached skill level 1 in Polearms
  4861 | D:6      | Reached XP level 7. HP: 50/50 MP: 7/13
  5091 | D:6      | Reached skill level 5 in Dodging
  5148 | D:6      | Reached skill level 6 in Poison Magic
  5240 | D:6      | HP: 1/50 [acid (7)]
  5242 | D:6      | Slain by a jelly

Illustrated notes

Levels and vault maps discovered:
D:1:      roderic_chinese_lattice_arrival, layout_rooms,
          minmay_worlds_worst_comb
D:2:      layout_basic, serial_bayou_pond_a, minmay_pentomino_w2
D:3:      layout_loops_ring, cheibrodos_ashenzari_chains,
          kiku_gazebo_garden_becter, mainiacjoe_overflow_big_doors
D:4:      layout_loops_ring, yredelemnul_altar_generic, serial_shops,
          kennysheep_mini_moat
D:5:      layout_rooms, chequers_serial_rivers_small_b, uniq_duvessa, uniq_ijyb,
          uniq_grinder
D:6:      minmay_angry_zag, layout_basic, bloody_makhleb,
          minmay_temple_entry_water_ring, uniq_sigmund

Skill      XL: |  1  2  3  4  5  6  7 |
---------------+----------------------+-----
Transmutations | 2 3 |  3.0
Poison Magic   | 4 5 6 |  6.0
Spellcasting   | 3 4 |  4.4
Dodging        | 3 4 5 |  5.0
Fighting       | 1 2 |  2.0
Polearms       | 1 2 |  2.5
Stealth        | |  2.1

Action                   |  1- 3 |  4- 6 |  7- 9 || total
-------------------------+-------+-------+-------++-------
Melee: Unarmed           |    35 |       |       ||    35
       Punch             |     1 |       |     1 ||     2
       Dagger            |       |    10 |       ||    10
       Spear             |       |       |    29 ||    29
 Fire: Sling             |    25 |    46 |     4 ||    75
 Cast: Sting             |    50 |    31 |     3 ||    84
       Poisonous Vapours |    15 |    31 |     8 ||    54
       Olgreb's Toxic Ra |       |     6 |       ||     6
  Use: Potion            |       |       |     2 ||     2
Armor: Robe              |    38 |    15 |     4 ||    57
Dodge: Dodged            |    64 |    37 |    20 ||   121

Table legend: (Time is in decaauts)
 A = Elapsed time spent in this place.
 B = Non-inter-level travel time spent in this place.
 C = Inter-level travel time spent in this place.
 D = Time resting spent in this place.
 E = Time spent auto-exploring this place.
 F = Levels seen in this place.
 G = Mean time per level.
                   A        B        C        D        E       F      G
               +--------+--------+--------+--------+--------+-----+--------+
         Total |   5257 |   5049 |    208 |    230 |   3822 |   6 |  876.2 |
       Dungeon |   5257 |   5049 |    208 |    230 |   3822 |   6 |  876.2 |
               +--------+--------+--------+--------+--------+-----+--------+

Top non-repeatable levels by time:
     D:1: 1237 daAuts
     D:4: 1024 daAuts
     D:2: 1021 daAuts
     D:3: 784 daAuts
     D:5: 599 daAuts
     D:6: 590 daAuts
